 Dungeon Crawl Stone Soup version 0.31-a0-1-g4198be8af4 (webtiles) character file.

Game seed: 5168279620700274034

4797 CowFu the Earth Mage (level 10, 0/45 HPs)
             Began as a Deep Elf Earth Elementalist on May 3, 2023.
             Was a Follower of Hepliaklqana.
             Succumbed to a killer bee's poison
             ... on level 8 of the Dungeon.
             The game lasted 00:12:50 (7621 turns).

CowFu the Earth Mage (Deep Elf Earth Elementalist)  Turns: 7621, Time: 00:12:51

Health: 0/45       AC:  8    Str:  5    XL:     10   Next: 24%
Magic:  8/16       EV: 17    Int: 25    God:    Hepliaklqana [*.....]
Gold:   184        SH:  5    Dex: 15    Spells: 9/15 levels left

rFire   . . .        a - +6 hand axe (flame)
rCold   . . .        (no shield)
rNeg    . . .        r - +0 steam dragon scales
rPois   .            (no helmet)
rElec   .            H - +0 cloak
rCorr   .            w - +1 pair of gloves
SInv    .            (no boots)
Will    +....        d - amulet of reflection
Stlth   ++           f - +5 ring of evasion
HPRegen 0.27/turn    c - +4 ring of slaying
MPRegen 0.15/turn

%: reflection
@: brilliant, lethally poisoned (0 -> -9), attractive
A: reduced essence
a: Renounce Religion, Recall Ancestor, Ancestor Identity


You were on level 8 of the Dungeon.
You worshipped Hepliaklqana.
Hepliaklqana was aware of your devotion.
You visited 2 branches of the dungeon, and saw 9 of its levels.
You also visited: Sewer.

You collected 379 gold pieces.
You spent 195 gold pieces at shops.

Inventory:

Hand Weapons
 a - a +6 hand axe of flaming (weapon)
 G - a +2 quarterstaff of chaos
Missiles
 F - a throwing net
Armour
 i - the +0 robe of the Wasteland {+Blink Str-3 Int+5}
   (You found it on level 7 of the Dungeon)

   Str:       It affects your strength (-3).
   Int:       It affects your intelligence (+5).
   +Blink:    It lets you blink.
 j - a +0 kite shield
 r - +0 steam dragon scales (worn)
 s - a +2 leather armour of cold resistance
 v - a +1 robe of willpower
 w - a +1 pair of gloves (worn)
 y - a +2 robe of fire resistance
 C - a +2 pair of boots
 H - a +0 cloak (worn)
Jewellery
 c - a +4 ring of slaying (right hand)
 d - an amulet of reflection (around neck)
 f - a +5 ring of evasion (left hand)
 g - a ring of willpower
 p - a +4 ring of protection
 A - a ring of protection from fire
Wands
 x - a wand of acid (5)
 z - a wand of charming (13)
 B - a wand of polymorph (10)
 E - a wand of digging (8)
Scrolls
 k - 3 scrolls of identify
 l - 4 scrolls of vulnerability
 n - 2 scrolls of magic mapping
 q - 3 scrolls of teleportation
Potions
 b - 2 potions of magic
 e - 2 potions of lignification
 m - a potion of mutation
 t - a potion of degeneration {unknown}
 u - a potion of experience {unknown}
 D - a potion of berserk rage {unknown}


   Skills:
 - Level 2.4 Dodging
 - Level 2.4 Stealth
 - Level 3.0 Spellcasting
 - Level 1.1 Transmutations
 + Level 16.4 Earth Magic


You had 9 spell levels left.
You knew the following spells:

 Your Spells              Type           Power      Damage    Failure   Level
a - Sandblast             Erth           100%       2d20      0%          1
b - Passwall              Tmut/Erth      52%        N/A       1%          2
c - Stone Arrow           Conj/Erth      100%       3d13      1%          3

Your spell library contained the following spells:

 Spells                   Type           Power      Damage    Failure   Level
 Petrify                  Tmut/Erth      63%        N/A       2%          4
 Summon Small Mammal      Summ           20%        N/A       10%         1
 Call Canine Familiar     Summ           5%         N/A       30%         3
 Dazzling Flash           Conj/Hex       10%        N/A       30%         3
 Summon Guardian Golem    Hex/Summ       5%         N/A       30%         3
 Volatile Blastmotes      Fire/Tloc      10%        2d10      30%         3
 Iskenderun's Mystic Bla  Conj/Tloc      5%         2d3       69%         4
 Starburst                Conj/Fire      2%         6d3       100%        6


Dungeon Overview and Level Annotations

Branches:
Dungeon (8/15)             Temple (1/1) D:5            Lair (0/5) D:8
  Sewer (visited)

Altars:
Ashenzari
Cheibriados
Dithmenos
Elyvilon
Fedhas
Gozag
Hepliaklqana
Kikubaaqudgha
Makhleb
Nemelex Xobeh
Okawaru
Qazlal
Ru
Sif Muna
Trog
Uskayaw
Vehumet
Wu Jian
Xom
Yredelemnul
Zin

Shops:
D:6 *

Annotations:
D:6 1 runed translucent door, turdburglar's ghost, amateur MiFi


Message History

You are too injured to fight recklessly!
There are monsters nearby!
You hit the killer bee. You burn the killer bee.
The killer bee is lightly wounded.
You closely miss the killer bee. You miss the killer bee.
The killer bee closely misses you. You block the killer bee's attack. x2
The killer bee stings you but does no damage.
The killer bee closely misses you. x2; Necuametl barely misses the killer bee.
The killer bee closely misses you. The killer bee stings you.
* * * LOW HITPOINT WARNING * * *
You are poisoned.
The killer bee poisons you! The killer bee barely misses you.
Necuametl completely misses the killer bee.
The orc priest looks satisfied for a moment.
You barely miss the killer bee.
The killer bee is lightly wounded.
You hit the killer bee. You burn the killer bee. You slash the killer bee!
You burn the killer bee.
You kill the killer bee!
You feel sick. The killer bee barely misses you.
You block the killer bee's attack. The killer bee stings you.
* * * LOW HITPOINT WARNING * * *
The killer bee barely misses you. You block the killer bee's attack.
Necuametl closely misses the killer bee.
It was a potion of attraction.
You feel attractive to monsters.
* * * LOW HITPOINT WARNING * * *
You feel sick. You block the killer bee's attack.
The killer bee closely misses you.
The killer bee stings you but does no damage.
You block the killer bee's attack.
The killer bee stings you but does no damage.
The killer bee stings you.
* * * LOW HITPOINT WARNING * * *
You are more poisoned.
The killer bee poisons you!
Necuametl misses the killer bee.
The orc priest is attracted toward you.
It was a potion of brilliance.
You feel clever all of a sudden.
You die...

#..#..###...........
......
#...................
......
##...######......###
#... ##..## ##.....#
#.#..# #.....# #.
###..## ##.....#
#... ##..####......#
.....
#.#.##......R#ho....
#.#.........@y{y....
#..#......##yyho§..>
#.......#####o..P...
#......## #......
#.......# #.....
##.##.... ##... #.
##.... ... ## ##....
..


You could see the friendly Necuametl the ancestor, 2 wargs, 4 killer bees, an
orc priest and 2 orcs.

Vanquished Creatures
  A two-headed ogre (D:5)
  Pikel (D:6)
  Maggie (D:6)
  Grinder (D:5)
  Eustachio (D:4)
  A steam dragon (D:7)
  A warg (D:8)
  Menkaure (D:7)
  3 water moccasins
  Pargi (D:4)
  An ice beast (D:7)
  An orc warrior (D:7)
  2 black bears
  A phantom (D:5)
  A kobold brigand (D:7)
  3 lemures (D:5)
  Blork the orc (D:5)
  2 scorpions (D:6)
  2 gnoll sergeants
  8 wights
  A killer bee (D:8)
  7 orc priests
  5 hounds
  5 jellies
  Crazy Yiuf (D:7)
  An iguana (D:7)
  Natasha (thrice) (D:4)
  4 orc wizards
  7 adders
  9 gnolls
  A river rat (D:4)
  A shadow imp (D:5)
  A white imp (D:5)
  An ufetubus (D:6)
  5 worms
  3 dart slugs
  29 orcs
  2 bats
  5 endoplasms
  6 giant cockroaches
  4 goblins
  3 hobgoblins
  13 jackals
  12 kobolds
  4 quokkas
  3 ball pythons
  6 frilled lizards
  10 rats
186 creatures vanquished.

Vanquished Creatures (collateral kills)
  An orc (D:7)
1 creature vanquished.

Grand Total: 187 creatures vanquished

Notes
Turn   | Place    | Note
-------+----------+-------------------------------------------
     0 | D:1      | CowFu the Deep Elf Earth Elementalist began the quest for
                  | the Orb.
     0 | D:1      | Reached XP level 1. HP: 10/10 MP: 6/6
    82 | D:1      | Reached XP level 2. HP: 15/15 MP: 0/8
    84 | D:1      | Reached skill level 4 in Earth Magic
   970 | D:2      | Found a hide-covered altar of Uskayaw.
   975 | D:2      | Reached XP level 3. HP: 19/19 MP: 5/9
  1123 | D:2      | Reached skill level 5 in Earth Magic
  1617 | D:3      | Reached XP level 4. HP: 24/24 MP: 8/10
  2167 | D:4      | Noticed Eustachio
  2174 | D:4      | HP: 1/24 [Eustachio/+0 rapier (9)]
  2176 | D:4      | Killed Eustachio
  2177 | D:4      | Reached skill level 7 in Earth Magic
  2177 | D:4      | Reached XP level 5. HP: 2/28 MP: 5/11
  2222 | D:4      | Found a stormy altar of Qazlal.
  2227 | D:4      | Noticed a fire elemental
  2227 | D:4      | Noticed an air elemental
  2227 | D:4      | Noticed a water elemental
  2234 | D:4      | Reached XP level 6. HP: 17/32 MP: 7/12
  2273 | D:4      | Reached skill level 8 in Earth Magic
  2323 | D:4      | Found a glowing drain.
  2330 | Sewer    | Entered a sewer
  2465 | Sewer    | Noticed a water moccasin
  2471 | Sewer    | Killed a water moccasin
  2742 | D:4      | Noticed Natasha
  2747 | D:4      | Killed Natasha
  2748 | D:4      | Reached XP level 7. HP: 34/36 MP: 9/13
  2753 | D:4      | Learned a level 2 spell: Passwall
  2757 | D:4      | Learned a level 3 spell: Stone Arrow
  3153 | D:4      | Noticed Pargi
  3158 | D:4      | Killed Pargi
  3159 | D:4      | Reached skill level 9 in Earth Magic
  3497 | D:4      | Noticed Natasha
  3502 | D:4      | Killed Natasha
  3624 | D:4      | Noticed Natasha
  3632 | D:4      | Killed Natasha
  3633 | D:4      | Reached skill level 10 in Earth Magic
  3677 | D:5      | Entered Level 5 of the Dungeon
  3892 | D:5      | Found a staircase to the Ecumenical Temple.
  3901 | Temple   | Entered the Ecumenical Temple
  4112 | Temple   | Became a worshipper of Hepliaklqana the Forgotten
  4131 | D:5      | Reached XP level 8. HP: 41/41 MP: 14/14
  4163 | D:5      | Noticed Grinder
  4175 | D:5      | Paralysed by Grinder for 4 turns
  4188 | D:5      | Killed Grinder
  4189 | D:5      | Reached skill level 11 in Earth Magic
  4476 | D:5      | Noticed Blork the orc
  4481 | D:5      | Killed Blork the orc
  4530 | D:5      | Noticed a two-headed ogre
  4537 | D:5      | Killed a two-headed ogre
  4538 | D:5      | Reached skill level 13 in Earth Magic
  4753 | D:6      | Noticed Pikel
  4771 | D:5      | HP: 1/41 [lemure[Pikel] (3)]
  4903 | D:6      | Killed Pikel
  4904 | D:6      | Reached XP level 9. HP: 28/45 MP: 5/15
  4987 | D:6      | Found a runed translucent door.
  4987 | D:6      | Found a shimmering altar of Xom.
  4987 | D:6      | Noticed turdburglar's ghost (amateur MiFi)
  4988 | D:6      | Noticed a +0 trident of chaos
  5014 | D:6      | Found an ancient bone altar of Kikubaaqudgha.
  5027 | D:6      | Found Ojikhloah's Assorted Antiques.
  5031 | D:6      | Bought a pair of glowing boots for 195 gold pieces
  5149 | D:6      | Reached skill level 14 in Earth Magic
  5259 | D:6      | Found a snail-covered altar of Cheibriados.
  5492 | D:6      | Noticed Maggie
  5500 | D:6      | Killed Maggie
  5501 | D:6      | Reached skill level 15 in Earth Magic
  5884 | D:7      | Reached * piety under Hepliaklqana
  5884 | D:7      | Noticed Menkaure
  5886 | D:7      | Identified the +0 robe of the Wasteland {+Blink Str-3
                  | Int+5}
  5889 | D:7      | Killed Menkaure
  6060 | D:7      | Found a basalt altar of Yredelemnul.
  6061 | D:7      | Found a hide-covered altar of Uskayaw.
  6062 | D:7      | Found a burning altar of Makhleb.
  6062 | D:7      | Found a bloodstained altar of Trog.
  6269 | D:7      | Reached XP level 10. HP: 43/45 MP: 3/16
  6844 | D:7      | Reached skill level 16 in Earth Magic
  7055 | D:7      | Found a runed translucent door.
  7056 | D:7      | Noticed Crazy Yiuf
  7230 | D:7      | Killed Crazy Yiuf
  7613 | D:8      | Found a staircase to the Lair.
  7620 | D:8      | HP: 1/45 [killer bee (2)]
  7621 | D:8      | Succumbed to a killer bee's poison

Illustrated notes

Levels and vault maps discovered:
D:1:      minmay_arrival_stair_chambers, layout_loops_corners,
          minmay_hexomino_c4
D:2:      layout_basic, basic_altar
D:3:      layout_basic, minmay_cupped
D:4:      layout_gridville, nicolae_qazlal_style_of_elements,
          lightli_sewer_entry_pipes, st_stairs_5, minmay_crystal_water,
          grunt_decor_resistance, hangedman_decor_push, hex_large,
          kennysheep_generic_room_5, uniq_natasha, uniq_pargi, uniq_eustachio
D:5:      layout_rooms, minmay_temple_entry_drinking_statues,
          uniq_blork_the_orc, uniq_grinder
D:6:      layout_rooms, nicolae_kikubaaqudgha_miasma_corner, slow_altar_1,
          ebering_ghost_xom, serial_shops, shop, uniq_pikel, uniq_maggie
D:7:      layout_basic, chequers_temple_overflow_statue_of_worship,
          uniq_menkaure, uniq_crazy_yiuf_cottage
D:8:      layout_layer_cave, kennysheep_mini, erik_lair_orcish_takeover,
          uniq_grum
Temple:   nicolae_temple_two_arcs

Skill      XL: |  1  2  3  4  5  6  7  8  9 10 |
---------------+-------------------------------+-----
Earth Magic    | 4 5 7 8 10 13 15 16 | 16.4
Dodging        | |  2.4
Stealth        | |  2.4
Spellcasting   | |  3.0
Transmutations | |  1.1

Action                     |  1- 3 |  4- 6 |  7- 9 | 10-12 || total
---------------------------+-------+-------+-------+-------++-------
  Melee: Short sword       |    37 |    42 |       |       ||    79
         Hand axe          |       |    10 |   160 |    20 ||   190
         Punch             |       |     1 |     3 |       ||     4
   Cast: Sandblast         |    24 |    42 |     2 |       ||    68
         Stone Arrow       |       |       |    53 |    28 ||    81
    Use: Scroll            |       |     8 |     7 |     1 ||    16
         Potion            |       |       |     2 |     2 ||     4
   Stab: Sleeping          |     2 |     2 |     3 |       ||     7
         Distracted        |       |       |       |     1 ||     1
 Armour: Robe              |     6 |     5 |    19 |     2 ||    32
         Steam dragon scal |       |       |       |     5 ||     5
  Dodge: Dodged            |    26 |    45 |   163 |    23 ||   257
  Block: Other             |    14 |    11 |    47 |    11 ||    83
         Reflection        |       |       |     2 |     1 ||     3

Table legend: (Time is in decaauts)
 A = Elapsed time spent in this place.
 B = Non-inter-level travel time spent in this place.
 C = Inter-level travel time spent in this place.
 D = Time resting spent in this place.
 E = Time spent auto-exploring this place.
 F = Levels seen in this place.
 G = Mean time per level.
                   A        B        C        D        E       F      G
               +--------+--------+--------+--------+--------+-----+--------+
         Total |   7752 |   7548 |    204 |      0 |   6137 |  10 |  775.2 |
       Dungeon |   7299 |   7102 |    197 |      0 |   5778 |   8 |  912.4 |
        Temple |    219 |    212 |      7 |      0 |    195 |   1 |  219.0 |
         Sewer |    233 |    233 |      0 |      0 |    163 |   1 |  233.0 |
               +--------+--------+--------+--------+--------+-----+--------+

Top non-repeatable levels by time:
     D:4: 1423 daAuts
     D:7: 1346 daAuts
     D:6: 1037 daAuts
     D:5: 998 daAuts
     D:1: 977 daAuts
     D:3: 656 daAuts
     D:2: 545 daAuts
     D:8: 314 daAuts
   Sewer: 233 daAuts
  Temple: 219 daAuts
